3A
BELLEVUE BRUINS @ YORK REVOLUTION
05/21/2025
 
TOP OF THE 1ST
Bellevue Bruins batting - Pitching for York Revolution : RHP Matthew Lydick
Pitching: RHP Matthew Lydick
Batting: RHB Nick Hoskins 0-0: Ball
1-0: SINGLE (Groundball, 56) (infield hit)
Batting: LHB José Barrón 0-0: Ball
1-0: Called Strike
1-1: Ball
2-1: SINGLE (Line Drive, 6)
Nick Hoskins to second
Batting: RHB Luis Ríos 0-0: Ball
1-0: Called Strike
1-1: Called Strike
1-2: Strikes out looking
Batting: RHB Luis Rodríguez 0-0: Ball
Nick Hoskins steals 3rd base
José Barrón to second
1-0: Called Strike
1-1: Called Strike
1-2: Fly out, F9 (Flyball, 9LM)
Runner from 3rd tags up, SCORES, no throw
Batting: LHB Mitchell Cusimano 0-0: Called Strike
0-1: Foul Ball, location: 2F
0-2: Foul Ball, location: 2F
0-2: Ball
1-2: Ball
2-2: Ground out 5-3 (Groundball, 5)
Top of the 1st over - 1 run(s), 2 hit(s), 0 error(s), 1 left on base; Bellevue 1 - York 0
BOTTOM OF THE 1ST
York Revolution batting - Pitching for Bellevue Bruins : RHP Tye Collyer
Pitching: RHP Tye Collyer
Batting: RHB Francisco Rodríguez 0-0: Ball
1-0: Fly out, F7 (Flyball, 78M)
Batting: RHB Martín Placido 0-0: Fly out, F9 (Line Drive, 9S)
Batting: LHB Arturo Aguilar 0-0: Ball
1-0: Ground out 4-3 (Groundball, 4)
Bottom of the 1st over - 0 run(s), 0 hit(s), 0 error(s), 0 left on base; Bellevue 1 - York 0
TOP OF THE 2ND
Bellevue Bruins batting - Pitching for York Revolution : RHP Matthew Lydick
Batting: RHB Alonso Zamora 0-0: Ground out 5-3 (Groundball, 5L)
Batting: SHB Manny Flores 0-0: Ball
1-0: Ball
2-0: SINGLE (Groundball, 4) (infield hit)
Batting: RHB Mark Bishop 0-0: Ball
1-0: Ball
2-0: Foul Ball, location: 2F
2-1: Ball
3-1: Foul Ball, location: 2F
3-2: Grounds into double play, 6-4-3 (Groundball, 56)
Top of the 2nd over - 0 run(s), 1 hit(s), 0 error(s), 0 left on base; Bellevue 1 - York 0
BOTTOM OF THE 2ND
York Revolution batting - Pitching for Bellevue Bruins : RHP Tye Collyer
Batting: SHB Mario Domondón 0-0: Ground out 6-3 (Groundball, 6)
Batting: LHB Harold Wiggins 0-0: Called Strike
0-1: Ground out 4-3 (Groundball, 4)
Batting: RHB Edgardo Bello 0-0: Ball
1-0: Ball
2-0: Called Strike
2-1: Ball
3-1: Ground out 6-3 (Groundball, 6D)
Bottom of the 2nd over - 0 run(s), 0 hit(s), 0 error(s), 0 left on base; Bellevue 1 - York 0
TOP OF THE 3RD
Bellevue Bruins batting - Pitching for York Revolution : RHP Matthew Lydick
Batting: RHB Loren Stallings 0-0: Fly out, F5 (Line Drive, 56D)
Batting: RHB Nick Hoskins 0-0: Swinging Strike
0-1: Ball
1-1: DOUBLE (Line Drive, 9LS)
Batting: LHB José Barrón 0-0: Called Strike
0-1: Fly out, F5 (Popup, 56)
Batting: RHB Luis Ríos 0-0: Ball
1-0: Ground out 6-3 (Groundball, 6)
Top of the 3rd over - 0 run(s), 1 hit(s), 0 error(s), 1 left on base; Bellevue 1 - York 0
BOTTOM OF THE 3RD
York Revolution batting - Pitching for Bellevue Bruins : RHP Tye Collyer
Batting: RHB Oscar Gandarilla 0-0: Called Strike
0-1: Called Strike
0-2: Ball
1-2: Ground out 6-3 (Groundball, 6)
Batting: RHB Donald Perry 0-0: Called Strike
0-1: Ball
1-1: Foul Ball, location: 2F
1-2: Foul Ball, location: 2F
1-2: Ball
2-2: Foul Ball, location: 2F
2-2: Fly out, F8 (Flyball, 8LS)
Batting: LHB Chip Garner 0-0: Ball
1-0: Foul Ball, location: 2F
1-1: Foul Ball, location: 2F
1-2: Ball
2-2: Strikes out swinging
Bottom of the 3rd over - 0 run(s), 0 hit(s), 0 error(s), 0 left on base; Bellevue 1 - York 0
TOP OF THE 4TH
Bellevue Bruins batting - Pitching for York Revolution : RHP Matthew Lydick
Batting: RHB Luis Rodríguez 0-0: Called Strike
0-1: Ball
1-1: Swinging Strike
1-2: Ball
2-2: Strikes out swinging
Batting: LHB Mitchell Cusimano 0-0: Ball
1-0: Fly out, F8 (Flyball, 8LM)
Batting: RHB Alonso Zamora 0-0: SINGLE (Line Drive, 8LS)
Batting: SHB Manny Flores 0-0: Swinging Strike
0-1: Fielders Choice at 2nd, 4-6 (Groundball, 4)
Top of the 4th over - 0 run(s), 1 hit(s), 0 error(s), 0 left on base; Bellevue 1 - York 0
BOTTOM OF THE 4TH
York Revolution batting - Pitching for Bellevue Bruins : RHP Tye Collyer
Batting: RHB Francisco Rodríguez 0-0: Ball
1-0: Fly out, F7 (Flyball, 78M)
Batting: RHB Martín Placido 0-0: Ball
1-0: Called Strike
1-1: Ball
2-1: Called Strike
2-2: Strikes out looking
Batting: LHB Arturo Aguilar 0-0: Fly out, F8 (Flyball, 8LD)
Bottom of the 4th over - 0 run(s), 0 hit(s), 0 error(s), 0 left on base; Bellevue 1 - York 0
TOP OF THE 5TH
Bellevue Bruins batting - Pitching for York Revolution : RHP Matthew Lydick
Batting: RHB Mark Bishop 0-0: Foul Ball, location: 2F
0-1: Called Strike
0-2: Strikes out swinging
Batting: RHB Loren Stallings 0-0: Ball
1-0: SINGLE (Groundball, 2L) (infield hit)
Batting: RHB Nick Hoskins 0-0: Swinging Strike
0-1: Ball
1-1: Ball
2-1: Ball
3-1: Base on Balls
Loren Stallings to second
Batting: LHB José Barrón 0-0: Called Strike
0-1: Fielders Choice at 2nd, 6-4 (Groundball, 6)
Loren Stallings to third
Batting: RHB Luis Ríos 0-0: Ball
1-0: Swinging Strike
1-1: Ball
2-1: Ball
3-1: Fielders Choice at 2nd, 5-4 (Groundball, 56)
Top of the 5th over - 0 run(s), 1 hit(s), 0 error(s), 1 left on base; Bellevue 1 - York 0
BOTTOM OF THE 5TH
York Revolution batting - Pitching for Bellevue Bruins : RHP Tye Collyer
Batting: SHB Mario Domondón 0-0: Called Strike
0-1: Ball
1-1: Ball
2-1: Ball
3-1: Base on Balls
Batting: LHB Harold Wiggins 0-0: Swinging Strike
0-1: Swinging Strike
0-2: Ball
1-2: Foul Ball, location: 2F
1-2: Strikes out swinging
Batting: RHB Edgardo Bello 0-0: Fly out, F9 (Flyball, 89S)
Batting: RHB Oscar Gandarilla 0-0: Swinging Strike
0-1: Foul Ball, location: 2F
0-2: Strikes out swinging
Bottom of the 5th over - 0 run(s), 0 hit(s), 0 error(s), 1 left on base; Bellevue 1 - York 0
TOP OF THE 6TH
Bellevue Bruins batting - Pitching for York Revolution : RHP Matthew Lydick
Batting: RHB Luis Rodríguez 0-0: Ball
1-0: Reached on error, E3 (Groundball, 23)
Batting: LHB Mitchell Cusimano 0-0: Intentional Walk
Batting: RHB Alonso Zamora 0-0: SINGLE (Groundball, 6MD)
Luis Rodríguez to third
Mitchell Cusimano to second
Runner from 3rd tries for Home, SAFE, no throw
Batting: SHB Manny Flores 0-0: Bunt missed!
0-1: Bunted foul
0-2: Ball
1-2: Foul Ball, location: 2F
1-2: Ball
2-2: SINGLE (Groundball, 4D)
Mitchell Cusimano to third
Alonso Zamora to second
Batting: RHB Mark Bishop 0-0: Ball
1-0: Grounds into fielders choice 6-2 (Groundball, 56S)
Alonso Zamora to third
Manny Flores to second
Batting: RHB Loren Stallings 0-0: Called Strike
0-1: Called Strike
0-2: SINGLE (Line Drive, 89M)
Alonso Zamora scores
Manny Flores to third
Mark Bishop to second
Runner from 3rd tries for Home, SAFE, no throw
Batting: RHB Nick Hoskins 0-0: DOUBLE (Line Drive, 9)
Mark Bishop scores
Loren Stallings to third
Runner from 3rd tries for Home, SAFE, no throw
Batting: LHB José Barrón 0-0: Called Strike
0-1: Called Strike
Nick Hoskins steals 3rd base
0-2: Ball
1-2: Ground out 4-3 (Groundball, 4)
Nick Hoskins scores
Pitching: RHP Pablo Gamboa
Batting: RHB Luis Ríos 0-0: Ball
1-0: Foul Ball, location: 2F
1-1: Foul Ball, location: 2F
1-2: Strikes out swinging
Top of the 6th over - 6 run(s), 4 hit(s), 1 error(s), 0 left on base; Bellevue 7 - York 0
BOTTOM OF THE 6TH
York Revolution batting - Pitching for Bellevue Bruins : RHP Tye Collyer
Batting: RHB Donald Perry 0-0: Ground out 5-3 (Groundball, 56)
Batting: LHB Chip Garner 0-0: Called Strike
0-1: Fly out, F9 (Flyball, 89M)
Batting: RHB Francisco Rodríguez 0-0: Ball
1-0: Ball
2-0: Foul Ball, location: 2F
2-1: Foul Ball, location: 2F
2-2: Foul Ball, location: 2F
2-2: Foul Ball, location: 2F
2-2: Fly out, F7 (Flyball, 78M)
Bottom of the 6th over - 0 run(s), 0 hit(s), 0 error(s), 0 left on base; Bellevue 7 - York 0
TOP OF THE 7TH
Bellevue Bruins batting - Pitching for York Revolution : RHP Pablo Gamboa
Batting: RHB Luis Rodríguez 0-0: Ball
1-0: Fly out, F8 (Flyball, 8RM)
Batting: LHB Mitchell Cusimano 0-0: Ball
1-0: Called Strike
1-1: Foul Ball, location: 2F
1-2: Foul Ball, location: 2F
1-2: Foul Ball, location: 2F
1-2: Ball
2-2: Foul Ball, location: 2F
2-2: Foul Ball, location: 2F
2-2: Ball
3-2: Foul Ball, location: 2F
3-2: Strikes out swinging
Batting: RHB Alonso Zamora 0-0: Reached on error, E6 (Popup, 6D)
Batting: SHB Manny Flores 0-0: Foul Ball, location: 2F
0-1: Ball
1-1: Ball
2-1: Swinging Strike
2-2: Ball
3-2: Strikes out swinging
Top of the 7th over - 0 run(s), 0 hit(s), 1 error(s), 1 left on base; Bellevue 7 - York 0
BOTTOM OF THE 7TH
York Revolution batting - Pitching for Bellevue Bruins : RHP Tye Collyer
Batting: RHB Martín Placido 0-0: Ball
1-0: Ball
2-0: Called Strike
2-1: Ball
3-1: Called Strike
3-2: SINGLE (Flyball, 89S)
Batting: LHB Arturo Aguilar 0-0: Ball
1-0: Called Strike
1-1: Ball
2-1: Foul Ball, location: 2F
2-2: Strikes out swinging
Batting: SHB Mario Domondón 0-0: Foul Ball, location: 2F
0-1: Ball
1-1: Ball
2-1: Swinging Strike
2-2: Grounds into double play, 4-6-3 (Groundball, 4)
Bottom of the 7th over - 0 run(s), 1 hit(s), 0 error(s), 0 left on base; Bellevue 7 - York 0
TOP OF THE 8TH
Bellevue Bruins batting - Pitching for York Revolution : RHP Pablo Gamboa
Batting: RHB Mark Bishop 0-0: Ball
1-0: Called Strike
1-1: Swinging Strike
1-2: Strikes out looking
Batting: RHB Loren Stallings 0-0: TRIPLE (Line Drive, 8LS)
Batting: RHB Nick Hoskins 0-0: Ball
1-0: Hit by Pitch
Batting: LHB José Barrón 0-0: Ball
1-0: Foul Ball, location: 2F
1-1: Ball
2-1: Called Strike
2-2: Strikes out swinging
Batting: RHB Luis Ríos 0-0: Ball
1-0: Called Strike
1-1: Foul Ball, location: 2F
1-2: Ball
2-2: Ball
3-2: Strikes out looking
Top of the 8th over - 0 run(s), 1 hit(s), 0 error(s), 2 left on base; Bellevue 7 - York 0
BOTTOM OF THE 8TH
York Revolution batting - Pitching for Bellevue Bruins : RHP Tye Collyer
Now in CF: Edgar González
Batting: LHB Harold Wiggins 0-0: Ball
1-0: Foul Ball, location: 2F
1-1: Called Strike
1-2: Ball
2-2: Ground out U3 (Groundball, 34S)
Pitching: RHP Luis Román
Batting: RHB Edgardo Bello 0-0: Fly out, F7 (Flyball, 7)
Batting: RHB Oscar Gandarilla 0-0: Called Strike
0-1: Foul Ball, location: 2F
0-2: Ball
1-2: Ball
2-2: Foul Ball, location: 2F
2-2: Ball
3-2: Ground out 5-3 (Groundball, 56)
Bottom of the 8th over - 0 run(s), 0 hit(s), 0 error(s), 0 left on base; Bellevue 7 - York 0
TOP OF THE 9TH
Bellevue Bruins batting - Pitching for York Revolution : RHP Pablo Gamboa
Batting: RHB Luis Rodríguez 0-0: Ball
1-0: Called Strike
1-1: SOLO HOME RUN (Flyball, 7D), Distance : 408 ft
Batting: LHB Mitchell Cusimano 0-0: Ground out U3 (Groundball, 34)
Batting: RHB Alonso Zamora 0-0: Fly out, F4 (Popup, 34D)
Batting: SHB Manny Flores 0-0: Ball
1-0: Swinging Strike
1-1: Foul Ball, location: 2F
1-2: Ball
2-2: Strikes out swinging
Top of the 9th over - 1 run(s), 1 hit(s), 0 error(s), 0 left on base; Bellevue 8 - York 0
BOTTOM OF THE 9TH
York Revolution batting - Pitching for Bellevue Bruins : RHP Luis Román
Now at C: Javier Valdés
Batting: RHB Donald Perry 0-0: Ball
1-0: Foul Ball, location: 2F
1-1: Swinging Strike
1-2: Fly out, F2 (Popup, 2L)
Batting: LHB Chip Garner 0-0: Ball
1-0: Called Strike
1-1: Ball
2-1: Ball
3-1: Base on Balls
Batting: RHB Francisco Rodríguez 0-0: DOUBLE (Line Drive, 7LM)
Chip Garner to third
Runner from 3rd tries for Home, SAFE, throw made home
Batting: RHB Martín Placido 0-0: Ball
1-0: Fly out, F5 (Line Drive, 6)
Batting: LHB Arturo Aguilar 0-0: Called Strike
0-1: Ball
1-1: Foul Ball, location: 2F
1-2: Ground out 4-3 (Groundball, 4S)
Bottom of the 9th over - 1 run(s), 1 hit(s), 0 error(s), 1 left on base; Bellevue 8 - York 1
Friday, December 30th, 2016 - OOTP Baseball 17.12 Build 75